 Dungeon Crawl Stone Soup version 0.30.0-13-g156ef70053 (webtiles) character file.

Game seed: 2607944923812148009

30 browni3141 the Trooper (level 3, 0/28 HPs)
             Began as a Demonspawn Fire Elementalist on May 17, 2023.
             Succumbed to an adder's poison
             ... on level 2 of the Dungeon.
             The game lasted 00:01:20 (1643 turns).

browni3141 the Trooper (DsFE)                       Turns: 1643, Time: 00:01:21

Health: 0/28       AC:  2    Str:  8    XL:     3   Next: 5%
Magic:  3/6        EV: 12    Int: 18    God:
Gold:   32         SH:  0    Dex: 13    Spells: 5/6 levels left

rFire   . . .        q - +0 whip
rCold   . . .        (no shield)
rNeg    . . .        a - +0 robe
rPois   .            (no helmet)
rElec   .            (no cloak)
rCorr   .            (no gloves)
SInv    .            (no boots)
Will    .....        (no amulet)
Stlth   ++           (no ring)
HPRegen 0.24/turn    (no ring)
MPRegen 0.10/turn

%: no passive effects
@: lethally poisoned (0 -> -2)
A: powered by pain 1
a: no special abilities


You were on level 2 of the Dungeon.
You visited 1 branch of the dungeon, and saw 2 of its levels.

You collected 32 gold pieces.

Inventory:

Hand Weapons
 p - a +0 whip of pain
 q - a +0 whip (weapon)
Armour
 a - a +0 robe (worn)
 o - a +0 pair of boots
Scrolls
 n - a scroll of fear {unknown}
 r - a scroll of teleportation {unknown}
 t - a scroll of enchant armour {unknown}
 u - a scroll of immolation {unknown}
Potions
 m - 2 potions of magic
 s - a potion of ambrosia {unknown}
 v - a potion of heal wounds {unknown}


   Skills:
 + Level 2.7 Fighting
 - Level 1.7 Dodging
 - Level 1.7 Stealth
 - Level 2.0 Spellcasting
 - Level 1.0 Conjurations
 - Level 2.6 Fire Magic


You had 5 spell levels left.
You knew the following spells:

 Your Spells              Type           Power      Damage    Failure   Level
z - Foxfire               Conj/Fire      32%        2x1d5     9%          1

Your spell library contained the following spells:

 Spells                   Type           Power      Damage    Failure   Level
 Scorch                   Fire           22%        2d6       9%          2
 Beastly Appendage        Tmut           2%         N/A       19%         1
 Wereblood                Tmut           1%         N/A       26%         2
 Inner Flame              Hex/Fire       6%         N/A       30%         3
 Volatile Blastmotes      Fire/Tloc      12%        2d11      30%         3
 Spider Form              Tmut/Pois      1%         N/A       47%         3
 Flame Wave               Conj/Fire      8%         2d5       63%         4


Dungeon Overview and Level Annotations

Branches:
Dungeon (2/15)

Altars:


Innate Abilities, Weirdness & Mutations

You sometimes gain a little power by taking damage.


Message History

You conjure some foxfire!
Your foxfire dissipates! x2
You conjure some foxfire!
Your foxfire dissipates! x2
You conjure some foxfire!
Your foxfire dissipates! x2
Your foxfire dissipates!
You now have 32 gold pieces (gained 8).
You see here a ball python corpse.
t - a scroll labelled IDIVITE INYLAA You see here a +0 short sword.
You open the door.
There is an open door here.
u - a scroll labelled QIOHO VIROMEAM You open the door.
There is an open door here.
A bat comes into view.
You see here 6 stones.
A bat is nearby!
You miscast Foxfire.
You are very lightly contaminated with residual magic.
Nothing appears to happen.
You conjure some foxfire!
You conjure some foxfire!
The foxfire hits the bat.
The bat is heavily wounded.
The bat misses you.
Your foxfire dissipates!
The foxfire hits the bat.
You kill the bat!
You have reached level 3!
Your experience leads to an increase in your attributes!
Increase (S)trength, (I)ntelligence, or (D)exterity?
You feel clever. x2
You are a level 3 Demonspawn Fire Elementalist.
You are 1% of the way to level 4.
Play time: 00:01:15 (1523 turns).
Zot will find you in 10470 turns if you stay in this branch and explore no new floors.
Unknown command.
Your foxfire dissipates!
Your magical contamination has completely faded away.
Found a stone staircase leading up.
You see here a stone.
There is a stone staircase leading up here.
v - an emerald potion An adder comes into view.
An adder is nearby!
An adder is nearby!
An adder is nearby!
A jackal and a frilled lizard come into view.
Found 12 gold pieces.
Found a stone staircase leading down. 2 jackals come into view.
Found 6 gold pieces.
Found a stone staircase leading up.
The jackal barks!
The adder hisses angrily.
The jackal barks!
You miscast Foxfire.
You are very lightly contaminated with residual magic.
Nothing appears to happen.
The jackal barks!
The adder bites you.
You miscast Foxfire.
Nothing appears to happen.
The jackal barely misses you. The adder bites you.
You conjure some foxfire!
The adder bites you.
You are poisoned.
The adder poisons you!
You conjure some foxfire!
You feel sick.
The foxfire hits the jackal.
The jackal is heavily wounded.
The foxfire hits the jackal.
The jackal is severely wounded.
The adder closely misses you. The jackal completely misses you.
The adder closely misses you.
You are too injured to fight recklessly!
Your foxfire dissipates!
You feel sick.
The foxfire hits the jackal.
You kill the jackal!
The jackal barely misses you.
You feel sick.
You feel sick. The adder bites you. The adder attacks as you move away!
The adder barely misses you.
You feel sick.
You are no longer poisoned.
The adder attacks as you move away! The adder misses you.
The adder attacks as you move away! The adder bites you.
* * * LOW HITPOINT WARNING * * *
The adder bites you.
* * * LOW HITPOINT WARNING * * *
You are poisoned.
The adder poisons you! The adder attacks as you move away! The adder bites you.
* * * LOW HITPOINT WARNING * * *
You are lethally poisoned!
The adder poisons you!
* * * LOW HITPOINT WARNING * * *
You feel very sick.
* * * LOW HITPOINT WARNING * * *
You feel sick.
* * * LOW HITPOINT WARNING * * *
You feel sick. The adder closely misses you.
Your magical contamination has completely faded away.
* * * LOW HITPOINT WARNING * * *
You feel sick.
* * * LOW HITPOINT WARNING * * *
You feel sick.
You die...

.....# ...
#########...#...##
#...hl.h....##.#
#l#######...##. #.#
##### #h# ##+##
####S##### ##...##
#........# ##.....#
#.##@##..# ##.......
#.##.#..†####........
##.##......(.'........
#......#..####........
#..##.###.# ##.......
#..##..#..# ##.....#
#.........# ##...##
#...<...### ##+##
#####.###


You could see an adder, a jackal and a frilled lizard.

Vanquished Creatures
  A dart slug (D:1)
  4 ball pythons
  5 bats
  3 endoplasms
  A giant cockroach (D:1)
  A goblin (D:2)
  4 jackals
  A kobold (D:1)
  3 frilled lizards (D:1)
  3 rats
26 creatures vanquished.

Vanquished Creatures (collateral kills)
  A foxfire (D:1)
1 creature vanquished.

Vanquished Creatures (others)
  83 foxfires
83 creatures vanquished.

Grand Total: 110 creatures vanquished

Notes
Turn   | Place    | Note
-------+----------+-------------------------------------------
     0 | D:1      | browni3141 the Demonspawn Fire Elementalist began the quest
                  | for the Orb.
     0 | D:1      | Reached XP level 1. HP: 13/13 MP: 3/3
   237 | D:1      | Gained mutation: You sometimes gain a little power by
                  | taking damage. [demonic ancestry]
   237 | D:1      | Reached XP level 2. HP: 22/22 MP: 1/5
  1523 | D:2      | Reached XP level 3. HP: 28/28 MP: 2/6
  1642 | D:2      | HP: 1/28 [poisoned by an adder]
  1643 | D:2      | Succumbed to an adder's poison

Illustrated notes

Levels and vault maps discovered:
D:1:      spicycebolla_arrival_xxxplode, layout_loops_ring
D:2:      layout_loops_corners, grunt_ministairs_10,
          nicolae_elevator_lobby_asterisk

Skill      XL: |  1  2 |
---------------+-------+-----
Fighting       | 1 2 |  2.7
Dodging        | |  1.7
Stealth        | |  1.7
Spellcasting   | |  2.0
Conjurations   | |  1.0
Fire Magic     | |  2.6

Action                     || total
---------------------------++-------
  Melee: Unarmed           ||    33
         Whip              ||     8
         Punch             ||     1
   Cast: Foxfire           ||    58
 Armour: Robe              ||    10
  Dodge: Dodged            ||    39
